Map: 环轨星港

Players

Quail - Winner!

  • Race: Zerg Zerg
  • League: Diamond

电脑难度(艰难)

  • Race: Zerg Zerg

VOD

Have the link to the VOD?

Description

Time

  • Played on: Dec. 4, 2015, 8 a.m.
  • Length: 9:49
Show
View Real Time Build Order
Export as new Build Order

Quail Zerg - Winner!

Build Orders: Pool First, Muta Ling Bane 

Get SALT Encoding   

  12  0:01  Drone  
  13  0:08  Drone  
  14  0:17  Overlord  
  14  0:23  Drone, Extractor  
  15  0:35  Drone x2  
  17  0:44  Spawning Pool  
  16  0:50  Extractor  
  16  0:52  Drone  
  16  0:56  Drone  
  17  1:14  Hatchery  
  16  1:19  Drone  
  16  1:22  Drone  
  18  1:27  Drone  
  19  1:37  Queen  
  21  1:44  Overlord  
  21  1:49  Drone  
  22  2:03  Drone  
  23  2:08  Metabolic Boost  
  23  2:12  Drone  
  23  2:13  Queen  
  26  2:21  Drone  
  27  2:27  Baneling Nest  
  26  2:30  Drone, Extractor  
  26  2:34  Drone  
  27  2:37  Zergling x2  
  27  2:41  Spine Crawler  
  27  2:46  Drone x2  
  27  2:47  Drone  
  30  2:56  Drone x3  
  33  3:06  Drone x2  
  33  3:12  Zergling x2  
  36  3:17  Lair  
  36  3:18  Overlord  
  36  3:21  Baneling  
  36  3:22  Baneling  
  36  3:32  Baneling x2  
  36  3:34  Overlord x2  
  36  3:38  Drone x2  
  38  3:50  Drone x4  
  38  3:51  Drone  
  38  3:54  Drone x2  
  45  3:59  Extractor  
  45  4:00  Drone x2  
  46  4:22  Drone x4, Spire  
  49  4:29  Hatchery  
  48  4:34  Zergling x2  
  48  4:35  Zergling x6  
  52  4:49  Zergling x2  
  52  4:50  Zergling x8  
  57  4:54  Hydralisk Den  
  52  5:02  Zergling x4  
  52  5:11  Drone x3  
  52  5:12  Drone, Extractor  
  55  5:15  Centrifical Hooks  
  55  5:17  Baneling x3  
  55  5:21  Overlord  
  55  5:28  Evolution Chamber  
  55  5:32  Drone  
  55  5:33  Drone x3  
  58  5:36  Mutalisk  
  58  5:39  Overlord  
  58  5:41  Lurker Den  
  60  5:48  Mutalisk x3  
  66  5:50  Queen  
  66  5:52  Overlord  
  68  6:02  Mutalisk  
  70  6:09  Mutalisk  
  72  6:21  Hydralisk x3  
  78  6:26  Queen  
  78  6:31  Extractor  
  78  6:32  Extractor  
  78  6:35  Mutalisk  
  80  6:43  Drone x4  
  80  6:44  Drone x6  
  90  6:49  Overlord x3  
  90  7:07  Queen  
  92  7:10  Mutalisk x4  
  92  7:12  Hydralisk x2  
  104  7:19  Zerg Flyer Weapons Level 1  
  104  7:29  Mutalisk  
  106  7:32  Drone x5  
  106  7:33  Drone  
  106  7:35  Mutalisk  
  106  7:36  Overlord x3  
  114  7:47  Overlord x4  
  114  8:01  Hydralisk x2  
  114  8:02  Hydralisk x4  
  126  8:14  Mutalisk x3  
  126  8:15  Mutalisk  
  126  8:18  Overseer  
  134  8:20  Hydralisk  
  136  8:44  Hydralisk x4  
  136  8:45  Hydralisk x4  
  150  8:52  Hatchery  
  146  8:57  Zergling x8  
  146  8:58  Zergling x2  
  151  9:10  Hydralisk  
  151  9:11  Hydralisk x2  
  151  9:13  Lurker  
  157  9:19  Hydralisk x2  
  168  9:44  Lurker  
Show
View Real Time Build Order
Export as new Build Order

电脑难度(艰难) Zerg 

Build Orders: Pool First, Muta Ling Bane, Zergling Baneling 

Get SALT Encoding   

  12  0:00  Drone  
  13  0:12  Overlord  
  13  0:17  Drone  
  14  0:30  Drone x2  
  16  0:42  Spawning Pool  
  15  0:45  Drone  
  15  0:49  Drone  
  17  0:52  Extractor  
  17  0:55  Drone  
  17  1:06  Overlord  
  17  1:30  Queen  
  17  1:31  Zergling x4  
  21  1:37  Roach Warren  
  21  1:38  Drone  
  21  1:42  Extractor  
  20  1:49  Drone  
  20  1:50  Baneling Nest  
  20  2:00  Drone  
  21  2:10  Drone  
  22  2:21  Zergling x2  
  23  2:32  Drone  
  23  2:35  Baneling x2  
  23  2:36  Overlord, Baneling x2  
  25  2:37  Zergling x4  
  25  2:43  Zergling x2  
  27  2:54  Drone  
  27  2:55  Metabolic Boost  
  28  3:05  Zergling x2  
  29  3:09  Zergling x6  
  32  3:16  Overlord  
  32  3:25  Baneling  
  32  3:27  Zergling x2  
  32  3:28  Baneling  
  32  3:32  Baneling  
  33  3:38  Baneling, Zergling x2  
  34  3:41  Drone, Zergling x2  
  34  3:42  Drone  
  37  3:50  Drone  
  38  3:57  Evolution Chamber  
  38  4:00  Drone  
  38  4:12  Drone x2, Overlord  
  38  4:13  Drone  
  41  4:23  Lair  
  41  4:55  Zergling x2  
  32  5:00  Zergling x2  
  32  5:05  Zergling x2  
  32  5:06  Zerg Melee Weapons Level 1  
  32  5:15  Hatchery  
  31  5:21  Spire  
  31  5:27  Drone  
  31  5:30  Drone  
  32  5:54  Zergling x2  
  33  5:59  Zergling x2  
  34  6:04  Zergling x2  
  34  6:10  Burrow  
  35  6:14  Baneling  
  35  6:19  Baneling, Zergling x2  
  36  6:28  Drone x4  
  36  6:29  Drone x3  
  43  6:35  Extractor  
  43  6:38  Drone  
  43  6:39  Drone  
  44  6:47  Centrifical Hooks  
  44  6:48  Mutalisk  
  44  6:51  Drone x2  
  44  6:52  Drone  
  49  6:59  Drone  
  49  7:00  Zerg Missile Weapons Level 1  
  50  7:01  Overlord  
  50  7:10  Drone  
  50  7:12  Drone  
  50  7:14  Queen  
  50  7:15  Drone  
  50  7:20  Mutalisk  
  50  7:22  Drone x2  
  44  7:23  Drone  
  44  7:24  Drone  
  42  7:31  Drone  
  42  7:32  Drone, Queen  
  42  7:34  Extractor  
  42  7:35  Drone  
  42  7:39  Drone x2  
  42  7:41  Drone x2  
  42  7:42  Drone  
  38  7:45  Mutalisk  
  38  7:46  Drone x2  
  38  7:48  Drone  
  38  7:50  Drone  
  38  7:51  Drone  
  40  7:52  Mutalisk  
  40  7:53  Drone x2  
  40  7:54  Drone  
  40  7:55  Drone x3  
  40  7:57  Mutalisk  
  40  8:00  Drone  
  40  8:03  Mutalisk  
  38  8:08  Zergling x2  
  39  8:15  Overlord  
  36  8:23  Overlord  
  30  8:29  Drone  
  30  8:31  Drone  
  28  8:35  Drone x2  
  28  8:41  Mutalisk, Roach, Zergling x2  
  28  8:44  Overlord  
  29  8:53  Drone  
  27  8:55  Drone  
  27  8:58  Drone  
  27  8:59  Overlord  
  27  9:02  Drone, Zergling x2  
  25  9:03  Drone  
  25  9:08  Drone  
  25  9:13  Drone  
  20  9:22  Drone  
  18  9:25  Drone  
Tags
 
Add a new tag
Caveats
  • Supply blocks, unpowered buildings, or Contaminate may cause inaccurate times.
  • Supply counts are checked every 10 seconds.